 Dungeon Crawl Stone Soup version 0.31-a0-672-g7da72447bb (webtiles) character file.

Game seed: 4145811281566084662

193 DocEon the Changeling (level 5, -1/60 HPs)
             Began as a Draconian Shapeshifter on Sept 5, 2023.
             Slain by a gnoll
             ... wielding a +0 halberd
              (10 damage)
             ... on level 3 of the Dungeon.
             The game lasted 00:03:03 (2218 turns).

DocEon the Changeling (Draconian Shapeshifter)      Turns: 2218, Time: 00:03:04

Health: -1/60      AC: 22    Str: 17    XL:     5   Next: 44%
Magic:  5/5        EV:  2    Int: 12    God:
Gold:   102        SH:  3    Dex: 10    Spells: 4/4 levels left

rFire   . .          .
                       - Unarmed
rCold   . . .        l - +0 buckler
rNeg    . . .        (body armour unavailable)
rPois   +            (helmet currently unavailable)
rElec   .            (cloak currently unavailable)
rCorr   .            (gloves currently unavailable)
SInv    .            (boots currently unavailable)
Will    +....        k - amulet of the acrobat
Stlth   +            (no ring)
HPRegen 0.30/turn    (no ring)
MPRegen 0.09/turn

%: acrobat
@: brilliant, tree-form, attractive, enlightened
A: stationary, stasis, torment immunity, boosted hp, AC +5, unfitting armour,
(cold-blooded)
a: no special abilities


You were on level 3 of the Dungeon.
You were a tree.
You visited 1 branch of the dungeon, and saw 3 of its levels.

You collected 102 gold pieces.

Inventory:

Missiles
 d - 4 poisoned darts (quivered)
Armour
 l - a +0 buckler (worn)
Jewellery
 k - an amulet of the acrobat (around neck)
Talismans
 b - a beast talisman
 c - a flux talisman
Scrolls
 j - 2 scrolls of vulnerability
Potions
 a - 2 potions of lignification
 g - a potion of cancellation
 h - a potion of attraction


   Skills:
 - Level 1.1 Fighting
 - Level 1.7 Dodging
 - Level 3.0 Unarmed Combat
 * Level 5.8 Shapeshifting


You had 4 spell levels left.
You didn't know any spells.
Your spell library contained the following spells:

 Spells                   Type           Power      Damage    Failure   Level
 Portal Projectile        Hex/Tloc       0%         N/A       78%         3
 Tukima's Dance           Hex            0%         N/A       78%         3
 Iskenderun's Mystic Bla  Conj/Tloc      0%         2d3       99%         4
 Leda's Liquefaction      Hex/Erth       0%         N/A       99%         4
 Lee's Rapid Deconstruct  Erth           0%         3d4*      100%        5
 Leda's Unmaking          Conj/Erth      0%         9d1       100%        6


Dungeon Overview and Level Annotations

Branches:
Dungeon (3/15)

Altars:
Trog
Vehumet

Shops:
D:2 (

Annotations:
D:3 Grinder


Innate Abilities, Weirdness & Mutations

You are a tree.
Your roots penetrate the ground, keeping you stationary.
You cannot be teleported.
You are immune to unholy pain and torment.
Your maximum health is greatly increased.
Your equipment is partially melded.
((Your plain brown scales are hard. (AC +5)))
You cannot fit into any form of body armour.
((You are cold-blooded and may be slowed by cold attacks.))


Message History

You barely miss Grinder.
Grinder is severely wounded.
Grinder hits you but does no damage.
The gnoll hits you from afar with a +0 halberd.
* * * LOW HITPOINT WARNING * * *
An orc comes into view. It is wielding a +0 hand axe.
Something hits you but does no damage. The orc is attracted toward you.
You closely miss Grinder.
Grinder is severely wounded.
The gnoll hits you but does no damage. Grinder hits you but does no damage.
Something hits you but does no damage. The orc is attracted toward you.
It was a potion of brilliance.
You feel clever all of a sudden.
The orc shouts!
You hear a shout! x2
Grinder hits you but does no damage. The gnoll hits you but does no damage.
A worm comes into view.
Something hits you but does no damage. The worm is attracted toward you.
It was a potion of enlightenment.
Your roots keep you in place.
An orc comes into view. It is wielding a +0 morningstar.
Grinder hits you.
* * * LOW HITPOINT WARNING * * *
The gnoll hits you but does no damage. Something hits you but does no damage.
The orc is attracted toward you.
Unknown command.
You hit Grinder.
Grinder is severely wounded.
The gnoll hits you but does no damage. You block Grinder's attack.
Something hits you but does no damage.
You closely miss Grinder.
Grinder is severely wounded.
Grinder hits you but does no damage.
The gnoll hits you from afar with a +0 halberd.
* * * LOW HITPOINT WARNING * * *
Something hits you but does no damage.
Okay, then.
The air fills with toxic fumes!
As you read the scroll labelled HIESEM EL VISCH, it crumbles to dust.
It was a scroll of poison.
Grinder hits you but does no damage.
The gnoll hits you from afar with a +0 halberd!
You die...

#....... #.#..... §
#.#..... §§ #.#..... #§§
##.#..... §§§
#####..#..... §§#§o
#.....##.....
§§§ogg######.######.#)..
#o5♣{o§#.####.......
######§§§§§...[..[<#
##)§§§......###
....§....### )..###...##
###o# ###.# .(# #... ..#
#### ...


You could see Grinder, 2 gnolls and 4 orcs.

Vanquished Creatures
  An orc priest (D:2)
  An orc wizard (D:3)
  4 adders
  A gnoll (D:2)
  An ufetubus (D:2)
  2 worms
  2 dart slugs (D:1)
  9 orcs
  2 endoplasms (D:1)
  3 giant cockroaches (D:1)
  3 goblins
  9 hobgoblins
  2 jackals (D:1)
  2 quokkas
  7 ball pythons
  3 bats
  A frilled lizard (D:2)
  9 kobolds
  8 rats
70 creatures vanquished.

Notes
Turn   | Place    | Note
-------+----------+-------------------------------------------
     0 | D:1      | DocEon the Draconian Shapeshifter began the quest for the
                  | Orb.
     0 | D:1      | Reached XP level 1. HP: 16/16 MP: 1/1
   118 | D:1      | Reached XP level 2. HP: 23/23 MP: 2/2
   283 | D:1      | Reached skill level 4 in Shapeshifting
   420 | D:1      | Reached XP level 3. HP: 28/28 MP: 3/3
   636 | D:2      | Found Doomyvit's Weapon Shop.
  1089 | D:2      | Reached XP level 4. HP: 33/35 MP: 4/4
  1276 | D:2      | Identified the +9 whip "Widowermaker" {vamp, rN+ Str+3
                  | Dex-5}
  1695 | D:3      | Noticed an ogre
  1695 | D:3      | Noticed Grinder
  1700 | D:2      | Reached skill level 5 in Shapeshifting
  1956 | D:2      | Reached XP level 5. HP: 12/40 MP: 5/5
  2105 | D:3      | Found a bloodstained altar of Trog.
  2190 | D:3      | Found a radiant altar of Vehumet.
  2204 | D:3      | Paralysed by Grinder for 5 turns
  2218 | D:3      | Slain by a gnoll

Illustrated notes

Levels and vault maps discovered:
D:1:      wheals_arrival_shading, layout_rooms
D:2:      layout_loops_ring, serial_shops, nicolae_shop_trees,
          grunt_decor_resistance, minmay_misc_feat_four_crosses
D:3:      layout_rooms, mainiacjoe_overflow_catwalk, demons_altar,
          vehumet_altar_wand_db, chequers_garden, uniq_grinder

Skill      XL: |  1  2  3  4 |
---------------+-------------+-----
Shapeshifting  | 4 5 |  5.8
Fighting       | |  1.1
Dodging        | |  1.7
Unarmed Combat | |  3.0

Action                     |  1- 3 |  4- 6 || total
---------------------------+-------+-------++-------
  Melee: Unarmed           |   113 |    81 ||   194
         Tailslap          |    13 |     6 ||    19
         Punch             |     1 |       ||     1
  Throw: Dart              |     3 |     2 ||     5
    Use: Scroll            |       |     6 ||     6
         Potion            |       |     4 ||     4
 Armour: Skin              |    61 |    92 ||   153
  Dodge: Dodged            |    77 |    42 ||   119
  Block: Buckler           |       |     4 ||     4

Table legend: (Time is in decaauts)
 A = Elapsed time spent in this place.
 B = Non-inter-level travel time spent in this place.
 C = Inter-level travel time spent in this place.
 D = Time resting spent in this place.
 E = Time spent auto-exploring this place.
 F = Levels seen in this place.
 G = Mean time per level.
                   A        B        C        D        E       F      G
               +--------+--------+--------+--------+--------+-----+--------+
         Total |   2212 |   2131 |     81 |    635 |   1020 |   3 |  737.3 |
       Dungeon |   2212 |   2131 |     81 |    635 |   1020 |   3 |  737.3 |
               +--------+--------+--------+--------+--------+-----+--------+

Top non-repeatable levels by time:
     D:2: 1424 daAuts
     D:1: 616 daAuts
     D:3: 171 daAuts
